 Dungeon Crawl Stone Soup version 0.29-a0-330-g52719c12eb (webtiles) character file.

Game seed: 17116031225487946038

498 Aelig the Chopper (level 6, -3/47 HPs)
             Began as a Mummy Fighter on May 16, 2022.
             Slain by Edmund
             ... wielding a +0 flail of protection
              (6 damage)
             ... on level 4 of the Dungeon.
             The game lasted 00:07:29 (4597 turns).

Aelig the Chopper (Mummy Fighter)                   Turns: 4597, Time: 00:07:30

Health: -3/47      AC: 12    Str: 22    XL:     6   Next: 94%
Magic:  6/6        EV:  7    Int:  7    God:
Gold:   228        SH:  4    Dex: 11    Spells: 5/5 levels left

rFire   x . .      SeeInvis .   a - +0 war axe
rCold   + + .      Faith    .   c - +0 buckler
rNeg    + + +      Spirit   .   k - +0 chain mail
rPois   ∞          Reflect  .   j - +0 helmet
rElec   .          Harm     .   (no cloak)
rCorr   .          Rampage  .   (no gloves)
Will    .....                   g - +1 pair of boots
Stlth   ..........              (no amulet)
HPRegen 0.15/turn               o - ring of protection from cold
MPRegen 0.10/turn               (no ring)

@: no status effects
A: cold resistance 1, negative energy resistance 3, torment resistance 2, heat
vulnerability 1, in touch with death 1, no potions
a: no special abilities


You were on level 4 of the Dungeon.
You visited 1 branch of the dungeon, and saw 4 of its levels.

You collected 228 gold pieces.

Inventory:

Hand Weapons
 a - a +0 war axe (weapon)
Missiles
 f - 150 stones (quivered)
 n - 3 boomerangs
Armour
 c - a +0 buckler (worn)
 g - a +1 pair of boots (worn)
 j - a +0 helmet (worn)
 k - a +0 chain mail (worn)
Jewellery
 o - a ring of protection from cold (left hand)
Scrolls
 b - a scroll of teleportation {unknown}
 d - a scroll of magic mapping {unknown}
 e - a scroll of summoning {unknown}
 h - 2 scrolls of amnesia
 i - a scroll of identify
 l - a scroll of fog {unknown}
 m - a scroll of brand weapon {unknown}


   Skills:
 - Level 3.0 Fighting
 + Level 6.3 Axes
 - Level 2.4 Armour
 - Level 2.4 Shields


You had 5 spell levels left.
You didn't know any spells.
Your spell library contained the following spells:

 Spells                   Type           Power      Damage    Failure   Level
 Gell's Gravitas          Tloc           0%         N/A       100%        3
 Lesser Beckoning         Tloc           0%         N/A       100%        3
 Teleport Other           Tloc           0%         N/A       100%        3


Dungeon Overview and Level Annotations

Branches:
Dungeon (4/15)
 Temple: D:4-7

Altars:
Cheibriados
Uskayaw
Zin

Shops:
D:3 =

Annotations:
D:3 1 runed translucent door, Crazy Yiuf
D:4 Edmund


Innate Abilities, Weirdness & Mutations

You are immune to poison.
Your flesh is cold resistant. (rC+)
You are immune to negative energy. (rN+++)
You are immune to unholy pain and torment.
You are vulnerable to heat. (rF-)
You are in touch with the powers of death.
You do not drink.


Message History

Edmund is severely wounded.
Edmund hits you but does no damage.
You hit Edmund.
Edmund is severely wounded.
Edmund hits you but does no damage.
You hit Edmund.
Edmund is severely wounded.
Edmund hits you with a +0 flail of protection.
You hit Edmund but do no damage.
Edmund is severely wounded.
Edmund hits you but does no damage. Edmund barely misses you.
You barely miss Edmund.
Edmund is severely wounded.
Edmund hits you with a +0 flail of protection.
You barely miss Edmund.
Edmund is severely wounded.
Edmund hits you but does no damage.
You barely miss Edmund.
Edmund is severely wounded.
You block Edmund's attack.
You hit Edmund but do no damage.
Edmund is severely wounded.
Edmund hits you with a +0 flail of protection. x2
You hit Edmund but do no damage.
Edmund is severely wounded.
Edmund says, "People accused me of being a cutpurse!"
Edmund hits you with a +0 flail of protection.
* * * LOW HITPOINT WARNING * * *
You closely miss Edmund.
Edmund is severely wounded.
You block Edmund's attack.
You hit Edmund.
Edmund is severely wounded.
Edmund hits you with a +0 flail of protection!
* * * LOW HITPOINT WARNING * * *
You hit Edmund but do no damage.
Edmund is severely wounded.
Edmund hits you but does no damage.
Edmund hits you with a +0 flail of protection.
You die...

## #. # ###..
.# ..># #.#
#..# #..
#.#.#.#
#.##)##.#
####...@@..#
#.....####.#
#.....# #
#.....#
#.....#
#####.....#
#.......###
##.##.#######
##..##.##


You could see Edmund.

Vanquished Creatures
  Pargi (D:3)
  Jessica (D:3)
  2 iguanas (D:4)
  4 orc wizards
  Natasha (twice) (D:3)
  Robin (D:3)
  3 adders
  3 gnolls (D:4)
  2 worms (D:2)
  3 dart slugs
  11 orcs
  A ball python (D:1)
  9 endoplasms
  2 giant cockroaches
  13 goblins
  8 hobgoblins
  7 jackals
  2 quokkas (D:2)
  5 bats
  6 frilled lizards
  8 kobolds
  10 rats
104 creatures vanquished.

Notes
Turn   | Place    | Note
-------+----------+-------------------------------------------
     0 | D:1      | Aelig the Mummy Fighter began the quest for the Orb.
     0 | D:1      | Reached XP level 1. HP: 18/18 MP: 1/1
    60 | D:1      | Reached skill level 2 in Axes
   146 | D:1      | Reached XP level 2. HP: 24/24 MP: 2/2
   921 | D:2      | Gained mutation: You are in touch with the powers of death.
                  | [Mummy growth]
   921 | D:2      | Reached XP level 3. HP: 22/29 MP: 3/3
  1124 | D:2      | Reached skill level 3 in Axes
  1147 | D:2      | Identified the +0 scale mail "Ziybeum" {Contam Fly Will+}
  1764 | D:3      | Reached XP level 4. HP: 26/35 MP: 4/4
  1870 | D:3      | Found Ulej's Jewellery Shoppe.
  1970 | D:3      | Reached skill level 4 in Axes
  2391 | D:3      | Reached XP level 5. HP: 32/41 MP: 5/5
  2501 | D:3      | Found a snail-covered altar of Cheibriados.
  2504 | D:3      | Noticed Robin
  2550 | D:3      | Killed Robin
  2623 | D:3      | Noticed Natasha
  2630 | D:3      | Killed Natasha
  2795 | D:3      | Found a hide-covered altar of Uskayaw.
  3066 | D:3      | Noticed Pargi
  3086 | D:3      | Killed Pargi
  3087 | D:3      | Reached skill level 5 in Axes
  3087 | D:3      | Reached XP level 6. HP: 28/47 MP: 6/6
  3279 | D:3      | Noticed Natasha
  3288 | D:3      | Killed Natasha
  3390 | D:3      | Found a runed translucent door.
  3391 | D:3      | Noticed Crazy Yiuf
  3451 | D:3      | Noticed Jessica
  3456 | D:3      | Killed Jessica
  4161 | D:4      | Reached skill level 6 in Axes
  4567 | D:4      | Noticed Edmund
  4596 | D:4      | HP: 2/47 [Edmund/+0 flail of protection (8)]
  4597 | D:4      | Slain by Edmund

Illustrated notes

Levels and vault maps discovered:
D:1:      giann_forest_graveyard, layout_basic
D:2:      layout_basic
D:3:      layout_basic, mainiacjoe_overflow_small_starburst,
          chequers_temple_overflow_statue_of_worship, serial_shops,
          nicolae_diamond_shop, kennysheep_crisscross, minmay_circle_x,
          uniq_jessica, uniq_crazy_yiuf_cottage, uniq_robin, uniq_pargi,
          uniq_natasha
D:4:      layout_loops_cross, minmay_misc_feat_plants, uniq_edmund

Skill      XL: |  1  2  3  4  5  6 |
---------------+-------------------+-----
Axes           | 2 3 4 5 6 |  6.3
Fighting       | |  3.0
Armour         | |  2.4
Shields        | |  2.4

Action                   |  1- 3 |  4- 6 || total
-------------------------+-------+-------++-------
Melee: War axe           |   156 |   211 ||   367
  Use: Scroll            |       |     2 ||     2
Armor: Scale mail        |    79 |    60 ||   139
       Chain mail        |       |   101 ||   101
Dodge: Dodged            |    69 |    83 ||   152
Block: Buckler           |    32 |    44 ||    76

Table legend: (Time is in decaauts)
 A = Elapsed time spent in this place.
 B = Non-inter-level travel time spent in this place.
 C = Inter-level travel time spent in this place.
 D = Time resting spent in this place.
 E = Time spent auto-exploring this place.
 F = Levels seen in this place.
 G = Mean time per level.
                   A        B        C        D        E       F      G
               +--------+--------+--------+--------+--------+-----+--------+
         Total |   4723 |   4665 |     58 |   1742 |   1799 |   4 | 1180.8 |
       Dungeon |   4723 |   4665 |     58 |   1742 |   1799 |   4 | 1180.8 |
               +--------+--------+--------+--------+--------+-----+--------+

Top non-repeatable levels by time:
     D:3: 1897 daAuts
     D:2: 1173 daAuts
     D:1: 869 daAuts
     D:4: 782 daAuts
